 Dungeon Crawl Stone Soup version 0.29.1-15-g9cfb28693d (webtiles) character file.

Game seed: 10565014034452848239

1252 Heoruswealwe the Thaumaturge (level 8, 0/41 HPs)
             Began as a Deep Elf Summoner on May 5, 2023.
             Was an Initiate of Sif Muna.
             Engulfed by a steam dragon's steam (5 damage)
             ... on level 6 of the Dungeon.
             The game lasted 01:44:39 (5689 turns).

Heoruswealwe the Thaumaturge (Deep Elf Summoner)    Turns: 5689, Time: 01:44:40

Health: 0/41       AC:  4    Str:  5    XL:     8   Next: 26%
Magic:  12/23      EV: 12    Int: 23    God:    Sif Muna [......]
Gold:   110        SH:  0    Dex: 15    Spells: 22/26 levels left

rFire   . . .      SeeInvis .   b - +0 falchion
rCold   . . .      Faith    .   d - orb {light}
rNeg    . . .      Spirit   .   c - +0 robe
rPois   .          Reflect  .   (no helmet)
rElec   .          Harm     .   (no cloak)
rCorr   .          Rampage  .   f - +0 pair of gloves
Will    .....                   e - +0 pair of boots
Stlth   +.........              (no amulet)
HPRegen 0.13/turn               (no ring)
MPRegen 0.18/turn               (no ring)

@: glowing
A: no striking features
a: Renounce Religion


You were on level 6 of the Dungeon.
You worshipped Sif Muna.
Sif Muna was noncommittal.
You visited 2 branches of the dungeon, and saw 7 of its levels.

You collected 350 gold pieces.
You spent 240 gold pieces at shops.

Inventory:

Hand Weapons
 b - a +0 falchion (weapon)
Armour
 c - a +0 robe (worn)
 d - an orb of light (worn)
 e - a +0 pair of boots (worn)
 f - a +0 pair of gloves (worn)
 r - a +0 robe
Wands
 j - a wand of mindburst (19)
Scrolls
 g - 2 scrolls of blinking
 k - a scroll of teleportation
 l - a scroll of identify
Potions
 a - 2 potions of curing
 h - 3 potions of flight
 i - 3 potions of magic
 m - 2 potions of might
 n - a potion of brilliance
 o - a potion of resistance
 p - a potion of heal wounds
 q - a potion of cancellation


   Skills:
 - Level 2.4 Dodging
 - Level 2.4 Stealth
 + Level 9.7 Spellcasting
 + Level 8.9 Summonings


You had 22 spell levels left.
You knew the following spells:

 Your Spells              Type           Power      Damage    Failure   Level
a - Summon Small Mammal   Summ           100%       N/A       1%          1
b - Call Canine Familiar  Summ           51%        N/A       1%          3

Your spell library contained the following spells:

 Spells                   Type           Power      Damage    Failure   Level
 Call Imp                 Summ           51%        N/A       1%          2
 Summon Guardian Golem    Hex/Summ       31%        N/A       2%          3
 Summon Lightning Spire   Summ/Air       31%        N/A       9%          4
 Gell's Gravitas          Tloc           11%        N/A       17%         3
 Lesser Beckoning         Tloc           11%        N/A       17%         3
 Teleport Other           Tloc           11%        N/A       17%         3


Dungeon Overview and Level Annotations

Branches:
Dungeon (6/15)             Temple (1/1) D:4

Altars:
Ashenzari
Cheibriados
Dithmenos
Elyvilon
Fedhas
Gozag
Hepliaklqana
Kikubaaqudgha
Makhleb
Nemelex Xobeh
Okawaru
Ru
Sif Muna
Trog
Uskayaw
Vehumet
Wu Jian
Xom
Yredelemnul
Zin
The Shining One

Shops:
D:4 !


Message History

You are engulfed in a cloud of scalding steam.
Your wolf bites the steam dragon.
Your wolf bites the steam dragon!
The steam dragon breathes steam at you. The ball of steam misses you.
You are engulfed in a cloud of scalding steam.
Your wolf bites the steam dragon!
The steam dragon misses your wolf.
The steam dragon barely misses your wolf.
Your wolf bites the steam dragon.
The steam dragon breathes steam at you. The ball of steam hits your wolf!
The ball of steam misses you.
You are engulfed in a cloud of scalding steam.
* * * LOW HITPOINT WARNING * * *
You feel better.
You swap places.
Your warg closely misses the steam dragon.
The steam dragon bites your warg!
The steam dragon completely misses your warg.
Your warg bites the steam dragon but does no damage.
The steam dragon breathes steam at you. The ball of steam hits your warg!
The ball of steam hits you!
You feel better.
You are engulfed in a cloud of scalding steam.
Your warg is engulfed in a cloud of scalding steam.
Your warg is engulfed in a cloud of scalding steam. x2
Your warg dies!
Your warg's corpse disappears in a puff of smoke!
The steam dragon barely misses your wolf.
The steam dragon misses your wolf.
Your wolf bites the steam dragon.
The steam dragon breathes steam at you. The ball of steam hits your wolf!!
Your wolf dies!
Your wolf's corpse disappears in a puff of smoke!
The ball of steam hits you!!
* * * LOW HITPOINT WARNING * * *
You are too injured to fight recklessly!
Casting: Call Canine Familiar (safe; 1% risk of failure)
Confirm with . or Enter, or press ? or * to list all spells.
You are engulfed in a cloud of scalding steam.
You die...

#.# #.# #.# #####.# ..##.#
#.##.#
####.##.########################
..............§§@§hD§...........
........################...#...
........# #.....###...#§..#
####'#..####.......†...#§..# .#
#.#.....#.....###...#§..#
.###.#.....#)##### ###.#§..#
.....#.....#)# #.#...###...
.....#.#...#)# #.#.h.......
...(...'...#.# #.#.........


You could see a steam dragon (ally target) and a friendly wolf (summoned).

Vanquished Creatures
  A scorpion (D:4)
  An iguana (D:5)
  A dart slug (D:2)
  4 endoplasms
  A jackal (D:2)
  4 bats
  A kobold (D:2)
  2 rats (D:3)
15 creatures vanquished.

Vanquished Creatures (collateral kills)
  A water moccasin (D:6)
  2 ice beasts
  A black bear (D:5)
  2 phantoms
  A necrophage (D:5)
  2 scorpions
  A howler monkey (D:4)
  4 orc priests
  A hound (D:4)
  A jelly (D:5)
  An iguana (D:4)
  2 orc wizards
  A gnoll (D:2)
  4 adders
  An ufetubus (D:4)
  3 worms
  3 dart slugs
  14 orcs
  7 bats
  5 endoplasms
  5 giant cockroaches
  10 goblins
  5 hobgoblins
  6 jackals
  2 quokkas
  2 ball pythons
  8 frilled lizards
  5 kobolds
  8 rats
108 creatures vanquished.

Vanquished Creatures (others)
  A kobold (D:2)
  18 fungi (D:4)
19 creatures vanquished.

Grand Total: 142 creatures vanquished

Notes
Turn   | Place    | Note
-------+----------+-------------------------------------------
     0 | D:1      | Heoruswealwe the Deep Elf Summoner began the quest for the
                  | Orb.
     0 | D:1      | Reached XP level 1. HP: 10/10 MP: 6/6
    79 | D:1      | Reached XP level 2. HP: 6/15 MP: 6/8
   318 | D:1      | Reached skill level 4 in Spellcasting
   410 | D:1      | Reached skill level 5 in Summonings
   410 | D:1      | Reached XP level 3. HP: 11/19 MP: 10/10
   414 | D:1      | Learned a level 3 spell: Call Canine Familiar
  1393 | D:2      | Reached XP level 4. HP: 23/24 MP: 10/12
  1519 | D:2      | Reached skill level 5 in Spellcasting
  1927 | D:3      | Reached XP level 5. HP: 28/28 MP: 6/14
  2152 | D:3      | Noticed a phantom
  2191 | D:3      | Killed a phantom
  2192 | D:3      | Reached skill level 6 in Spellcasting
  2340 | D:3      | Reached XP level 6. HP: 32/32 MP: 17/17
  2393 | D:3      | Found a hazy altar of Hepliaklqana.
  2394 | D:3      | Found an opulent altar of Gozag.
  2395 | D:3      | Found a burning altar of Makhleb.
  2395 | D:3      | Found a basalt altar of Yredelemnul.
  2742 | D:2      | You fall into a shaft and drop 1 floor!
  2960 | D:4      | Found Heugun's Distillery.
  3198 | D:4      | Found a staircase to the Ecumenical Temple.
  3215 | D:4      | Reached skill level 7 in Spellcasting
  3418 | Temple   | Entered the Ecumenical Temple
  3528 | Temple   | Became a worshipper of Sif Muna the Loreminder
  4347 | D:4      | Bought a potion of berserk rage for 50 gold pieces
  4347 | D:4      | Bought a potion of curing for 30 gold pieces
  4347 | D:4      | Bought a potion of might for 40 gold pieces
  4347 | D:4      | Bought a potion of brilliance for 40 gold pieces
  4347 | D:4      | Bought a potion of flight for 30 gold pieces
  4347 | D:4      | Bought a potion of heal wounds for 50 gold pieces
  4420 | D:5      | Entered Level 5 of the Dungeon
  4600 | D:5      | Noticed an ice beast
  4615 | D:5      | Killed an ice beast
  4616 | D:5      | Reached XP level 7. HP: 36/36 MP: 20/20
  4769 | D:5      | Found a shadowy altar of Dithmenos.
  4823 | D:5      | Reached skill level 8 in Spellcasting
  5531 | D:6      | Reached skill level 9 in Spellcasting
  5531 | D:6      | Reached XP level 8. HP: 27/41 MP: 23/23
  5689 | D:6      | Engulfed by a steam dragon's steam

Illustrated notes

Levels and vault maps discovered:
D:1:      wander_arrival_desolate, layout_rooms
D:2:      minmay_diamond_boxcup, layout_loops_ring, st_stairs_12,
          nrook_mini_vaults, kennysheep_generic_room_2
D:3:      minmay_angry_zag, layout_basic, mainiacjoe_overflow_alcove_3
D:4:      layout_basic, minmay_temple_entry_steel_oval, serial_shops,
          shop_fountains, nrook_mini_backslash, dreamdust_mushroom_princess
D:5:      layout_layer_cave, nicolae_dithmenos_shadow_blocks
D:6:      layout_basic
Temple:   minmay_temple_bridge_d

Skill      XL: |  1  2  3  4  5  6  7 |
---------------+----------------------+-----
Spellcasting   | 4 5 6 7 9 |  9.7
Summonings     | 5 6 7 8 |  8.9
Dodging        | |  2.4
Stealth        | |  2.4

Action                   |  1- 3 |  4- 6 |  7- 9 || total
-------------------------+-------+-------+-------++-------
Melee: Unarmed           |     6 |       |       ||     6
       Falchion          |    10 |    95 |    15 ||   120
 Cast: Summon Small Mamm |    17 |       |       ||    17
       Call Canine Famil |     8 |    24 |    11 ||    43
  Use: Scroll            |       |    12 |     1 ||    13
       Potion            |       |     4 |     6 ||    10
 Stab: Sleeping          |       |     2 |       ||     2
Armor: Robe              |    21 |    13 |     5 ||    39
Dodge: Dodged            |    65 |    26 |    14 ||   105
